AoeStats
← karft2001

Arena

509960591Analyzed
1v1 RM · 5d ago on Sep 28, 2026· 45m 55s· 2 players
Game mode
Random Map
Map size
Tiny (2 player)
Population
200
Speed
Normal
Resources
Standard
Victory
Conquest
Starting age
Dark Age
Ending age
Imperial Age
RankedLock teamsTeams togetherTeam positionsShared explorationLock speedFull tech treeHidden civsTurbo modeCheats
Victory
Defeat
🇪🇸 Slavs · Spain
344
+18
🇩🇰 Khmer · Denmark
390
-18
karft2001
10:23 Feudal Age
10:57 Double-Bit Axe
11:16 Horse Collar
12:34 Wheelbarrow
13:28 Gold Mining
13:32 Stone Mining
20:45 Castle Age
19:45 Forging
20:50 Bloodlines
20:49 Scale Barding Armor
21:38 Bow Saw
21:32 Heavy Plow
22:11 Gold Shaft Mining
22:15 Husbandry
23:43 Hand Cart
23:18 Loom
24:50 Iron Casting
24:37 Chain Barding Armor
25:37 Town Watch
28:07 Town Patrol
28:40 Detinets
32:49 Imperial Age
33:20 Elite Boyar
34:22 Conscription
36:44 Hoardings
36:19 Siege Engineers
36:25 Masonry
39:21 Crop Rotation
39:55 Two-Man Saw
41:42 Blast Furnace
41:18 Plate Barding Armor
41:10 Ballistics
41:54 Chemistry
41:07 Fortified Wall
Rammer
0:41 Loom
12:19 Feudal Age
12:56 Town Watch
13:47 Wheelbarrow
14:47 Stone Mining
14:49 Gold Mining
15:11 Double-Bit Axe
15:12 Horse Collar
23:07 Castle Age
22:05 Forging
21:56 Scale Mail Armor
22:12 Arson
23:55 Heavy Plow
24:11 Bow Saw
25:12 Stone Shaft Mining
27:25 Gold Shaft Mining
27:06 Padded Archer Armor
26:57 Fletching
27:34 Murder Holes
28:48 Elite Skirmisher
28:50 Pikeman
33:07 Imperial Age
31:17 Leather Archer Armor
31:00 Bodkin Arrow
32:24 Town Patrol
32:41 Siphons
32:57 Ballistics
34:12 Iron Casting
33:53 Chain Mail Armor
33:44 Scale Barding Armor
34:08 Tusk Swords
34:26 Halberdier
36:40 Ring Archer Armor
37:53 Blast Furnace
37:16 Chain Barding Armor
38:53 Chemistry
37:44 Heated Shot
39:50 Double Crossbow
42:02 Plate Barding Armor
41:28 Bracer
41:24 Guard Tower
41:45 Fortified Wall
41:46 Masonry
42:30 Conscription
43:17 Keep
43:32 Siege Engineers
43:51 Sappers
44:46 Elite Ballista Elephant
46:28 Architecture
Connection lost

Rejoining the realm…

Still unreachable

The connection could not be restored.

Session expired

The server has moved on; the page needs a fresh start.